 Dungeon Crawl Stone Soup version 0.16-a0-3633-g6873515 (webtiles) character file.

7591 Gronka the Protected (level 10, -1/83 HPs)
             Began as a Minotaur Fighter on Jan 14, 2015.
             Was a High Priest of Ru.
             Slain by a two-headed ogre
             ... wielding a +0 giant club
              (13 damage)
             ... on level 11 of the Dungeon.
             The game lasted 00:37:47 (10453 turns).

Gronka the Protected (Minotaur Fighter)            Turns: 10453, Time: 00:37:48

Health: -1/83      AC: 18    Str: 23    XL:     10   Next: 97%
Magic:  13/13      EV:  9    Int:  5    God:    Ru [*****.]
Gold:   515        SH:  0    Dex: 11    Spells: 0 memorised, 9 levels left

rFire  + . .     SeeInvis .     a - +1 long sword
rCold  + . .     Clarity  .     P - +0 plate armour
rNeg   + . .     SustAb   .     (shield unavailable)
rPois  +         Gourm    .     (helmet restricted)
rElec  +         Spirit   .     (no cloak)
rCorr  +         Warding  +     T - +0 pair of gloves
rMut   .         Stasis   .     f - +1 pair of boots
MR     .....                    R - amulet of warding
Stlth  ..........               F - ring of magical power
                                (ring unavailable)

@: resistant, drained, not resistant to hostile enchantments, extremely
unstealthy
A: retaliatory headbutt, horns 2, frail 1, missing a hand, no stealth, hated by
all
a: Draw Out Power, Power Leap, Apocalypse, Renounce Religion


You were on level 11 of the Dungeon.
You worshipped Ru.
Ru was extremely pleased with you.
You were not hungry.

You visited 2 branches of the dungeon, and saw 12 of its levels.

You collected 565 gold pieces.
You spent 50 gold pieces at shops.

Inventory:

Hand weapons
 a - a +1 long sword (weapon)
 V - a +0 rapier
 W - a +0 long sword
Armour
 b - a +0 scale mail
 c - a +0 shield
 f - a +1 pair of boots (worn)
 I - a +0 chain mail
 P - a +0 plate armour (worn)
 T - a +0 pair of gloves (worn)
Jewellery
 u - the ring "Gagaolil" {+Fly rPois+ MR+ Dex-2}
   (You found it on level 4 of the Dungeon)

   [ring of protection from magic]

   It affects your dexterity (-2).
   It protects you from poison.
   It affects your resistance to hostile enchantments.
   It lets you fly.
 F - a ring of magical power (right hand)
 R - an amulet of warding (around neck)
 U - an uncursed ring of fire {unknown}
Magical devices
 q - a wand of disintegration (12)
 y - a wand of random effects (20)
 A - a wand of enslavement (4)
 E - a wand of lightning (3)
 M - a wand of random effects (16)
Scrolls
 g - 2 scrolls of fear
 h - 5 scrolls of amnesia
 i - 2 scrolls of identify
 k - 5 scrolls of remove curse
 l - a scroll of fog {unknown}
 n - a scroll of enchant weapon
 B - 2 scrolls of noise {unknown}
 G - a scroll of teleportation
 J - a scroll of blinking {unknown}
 K - a scroll of random uselessness {unknown}
 N - a scroll of enchant armour {unknown}
 O - 3 scrolls of recharging {unknown}
Potions
 j - a potion of cancellation
 o - a potion of curing
 p - 2 potions of brilliance {unknown}
 r - a potion of magic {unknown}
 t - a potion of agility {unknown}
 v - 2 potions of resistance
 w - a potion of beneficial mutation {unknown}
 x - a potion of haste {unknown}
 z - 2 potions of restore abilities
 C - a potion of flight {unknown}
 L - 2 potions of berserk rage {unknown}
Books
 e - a book of Fire

   Spells                             Type                      Level
   a - Ignite Poison                  Fire/Transmutation           5
   b - Fireball                       Conjuration/Fire             5
   c - Bolt of Fire                   Conjuration/Fire             6
   d - Delayed Fireball               Conjuration/Fire             7
   e - Ring of Flames                 Charms/Fire                  7
 D - a book of Power

   Spells                             Type                      Level
   a - Fulminant Prism                Conjuration/Hexes            4
   b - Iskenderun's Mystic Blast      Conjuration                  4
   c - Venom Bolt                     Conjuration/Poison           5
   d - Bolt of Magma                  Conjuration/Fire/Earth       5
   e - Iron Shot                      Conjuration/Earth            6
   f - Orb of Destruction             Conjuration                  7
   g - Spellforged Servitor           Conjuration/Summoning        7
 X - a book of Beasts

   Spells                             Type                      Level
   a - Summon Butterflies             Summoning                    1
   b - Call Canine Familiar           Summoning                    3
   c - Summon Ice Beast               Ice/Summoning                4
   d - Summon Mana Viper              Hexes/Summoning              5
   e - Monstrous Menagerie            Summoning                    6
   f - Summon Hydra                   Summoning                    7
Comestibles
 d - a bread ration
 m - 5 meat rations
 s - 3 slices of pizza
 H - 8 fruits
 Q - a beef jerky
 S - a royal jelly


   Skills:
 + Level 10.0(8.8) Fighting
 + Level 10.5(9.2) Long Blades
 + Level 11.3(10.0) Armour
 + Level 6.4(5.2) Dodging


You had 9 spell levels left.
You didn't know any spells.

Dungeon Overview and Level Annotations

Branches:
Dungeon (11/15)            Temple (1/1) D:7            Lair (0/8) D:10
    Orc: D:9-12

Altars:
Ashenzari
Cheibriados
Dithmenos
Elyvilon
Fedhas
Gozag
Kikubaaqudgha
Makhleb
Nemelex Xobeh
Okawaru
Qazlal
Ru
Sif Muna
Trog
Vehumet
Yredelemnul
Zin
The Shining One

Shops:
D:4 !


Innate Abilities, Weirdness & Mutations

You reflexively headbutt those who attack you in melee.
You have a pair of horns on your head.
You are frail (-10% HP).
You are missing a hand.
You cannot be stealthy.
You are hated by all.


Message History

Found 7 gold pieces.
Found a snail-covered altar of Cheibriados.
A gargoyle comes into view. It is wielding a flail.
The two-headed ogre hits you with a giant club!
* * * LOW HITPOINT WARNING * * *
You focus your will and slow the two-headed ogre in retribution!
The two-headed ogre hits you with a giant club.
* * * LOW HITPOINT WARNING * * *
You are too injured to fight recklessly!
You hit the two-headed ogre.
The two-headed ogre is lightly wounded.
You barely miss the two-headed ogre.
The two-headed ogre is lightly wounded.
The gargoyle hurls a stone arrow at you.
The stone arrow hits you!
* * * LOW HITPOINT WARNING * * *
The two-headed ogre barely misses you. You furiously retaliate!
You headbutt the two-headed ogre.
The two-headed ogre hits you with a giant club!
You die...

...#.# ...
#..# # ......
#<.# .#
_...... .....
.... .... ...
#.... .....
...#.....
#....
#..#.##..#...
...
...........
#........O##
##.@..#.#...
#...........
#..#.u..##.#
####.......
9......
..###.. ...
#.$# ###


You could see a brown ugly thing, a two-headed ogre and a gargoyle.

Vanquished Creatures
  Fannar (D:10)
  An unseen horror (D:10)
  A hill giant (D:11)
  Joseph (D:7)
  A two-headed ogre (D:10)
  A troll (D:9)
  Prince Ribbit (D:9)
  4 yaks (D:9)
  Edmund (D:5)
  A hippogriff (D:8)
  3 porcupines (D:10)
  A sky beast (D:7)
  2 orc warriors (D:7)
  3 black bears
  A necrophage (D:8)
  3 ice beasts
  2 ogres
  5 crocodiles (D:10)
  Duvessa (D:4)
  4 centaurs
  2 big kobolds
  Blork the orc (D:9)
  3 giant frogs
  A scorpion (D:7)
  6 killer bees (D:9)
  8 wights
  Dowan (D:4)
  2 giant frog zombies (D:9)
  A crimson imp (D:9)
  A centaur skeleton (D:7)
  2 orc priests
  A jelly (D:8)
  A quasit (D:8)
  2 hounds (D:8)
  A giant frog skeleton (D:8)
  An iguana (D:4)
  6 orc wizards
  9 worker ants
  2 killer bee zombies
  7 sheep (D:10)
  Jessica (D:3)
  A hound zombie (D:5)
  4 river rats (D:10)
  3 shadow imps
  2 giant mites
  5 adders
  2 worms (D:2)
  An adder zombie (D:7)
  6 giant geckos
  An ooze (D:1)
  17 orcs
  A ball python (D:4)
  8 giant cockroaches
  9 goblins
  17 hobgoblins
  4 jackals (D:3)
  20 kobolds
  6 quokkas
  12 bats
  8 giant newts
  2 quokka skeletons
  8 rats
234 creatures vanquished.

Vanquished Creatures (others)
  An orc wizard (D:5)
  A sheep (D:10)
  A river rat (D:10)
  An orc (D:5)
  2 kobolds
  A giant spore (D:7)
  A goblin (D:7)
8 creatures vanquished.

Grand Total: 242 creatures vanquished

Notes
Turn   | Place    | Note
--------------------------------------------------------------
     0 | D:1      | Gronka, the Minotaur Fighter, began the quest for the Orb.
     0 | D:1      | Reached XP level 1. HP: 19/19 MP: 1/1
    85 | D:1      | Reached XP level 2. HP: 21/27 MP: 1/1
   151 | D:1      | Reached skill level 4 in Armour
   693 | D:2      | Reached XP level 3. HP: 33/33 MP: 2/2
   806 | D:2      | Found a sacrificial altar of Ru.
   823 | D:2      | Became a worshipper of Ru the Awakened
  1149 | D:2      | Reached XP level 4. HP: 36/41 MP: 2/2
  1595 | D:3      | Noticed Jessica
  1600 | D:3      | Killed Jessica
  1746 | D:3      | Gained mutation: You cannot be stealthy. [Ru sacrifice]
  2335 | D:3      | Found a shadowy altar of Dithmenos.
  2341 | D:3      | Found a glowing silver altar of Zin.
  2421 | D:4      | Got a coiled platinum ring
  2422 | D:4      | Identified the ring "Gagaolil" {+Fly rPois+ MR+ Dex-2} (You found it on level 4 of the Dungeon)
  2491 | D:4      | Reached skill level 1 in Dodging
  2491 | D:4      | Reached XP level 5. HP: 33/47 MP: 2/2
  2777 | D:4      | Reached skill level 5 in Shields
  2791 | D:4      | Noticed Duvessa
  2792 | D:4      | Noticed Dowan
  2800 | D:4      | Killed Duvessa
  2935 | D:4      | Killed Dowan
  2935 | D:4      | Reached skill level 5 in Fighting
  2935 | D:4      | Reached skill level 5 in Armour
  2944 | D:4      | Noticed an ogre
  2956 | D:4      | Reached XP level 6. HP: 23/56 MP: 3/3
  2957 | D:4      | Killed an ogre
  3163 | D:4      | Found Oplusie's Distillery.
  3169 | D:4      | Bought a potion of heal wounds for 50 gold pieces
  3610 | D:5      | Entered Level 5 of the Dungeon
  3627 | D:5      | Reached XP level 7. HP: 33/61 MP: 3/3
  3658 | D:5      | Noticed Edmund
  3684 | D:5      | Killed Edmund
  3684 | D:5      | Reached skill level 6 in Armour
  3987 | D:5      | Gained mutation: You are frail (-10% HP). [Ru sacrifice]
  3987 | D:5      | Acquired Ru's first power
  4753 | D:6      | You fall through a shaft!
  4805 | D:7      | Reached XP level 8. HP: 58/63 MP: 3/3
  4880 | D:7      | Found a staircase to the Ecumenical Temple.
  4929 | D:7      | Reached skill level 5 in Long Blades
  4929 | D:7      | Reached skill level 7 in Armour
  5213 | D:7      | Noticed Joseph
  5230 | D:7      | Killed Joseph
  5230 | D:7      | Reached skill level 5 in Dodging
  5588 | D:7      | HP: 3/63 [orc warrior/flail (12)]
  5787 | D:7      | Reached XP level 9. HP: 67/70 MP: 4/4
  6177 | Temple   | Entered the Ecumenical Temple
  6464 | D:8      | Reached skill level 8 in Armour
  6473 | D:8      | Gained mutation: You are missing a hand. [Ru sacrifice]
  6473 | D:8      | Acquired Ru's second power
  6473 | D:8      | Acquired Ru's third power
  6473 | D:8      | Acquired Ru's fourth power
  6977 | D:8      | Found an iron altar of Okawaru.
  7167 | D:9      | Reached skill level 9 in Armour
  7205 | D:9      | Noticed Prince Ribbit
  7614 | D:9      | Found a glowing golden altar of the Shining One.
  7861 | D:9      | Found a shattered altar of Ashenzari.
  7864 | D:9      | Noticed Blork the orc
  7872 | D:9      | Killed Blork the orc
  7978 | D:9      | Reached XP level 10. HP: 38/80 MP: 4/4
  8447 | D:9      | Reached skill level 10 in Armour
  8658 | D:9      | Killed Prince Ribbit
  9009 | D:9      | Gained mutation: You are hated by all. [Ru sacrifice]
  9009 | D:9      | Acquired Ru's fifth power
  9159 | D:10     | Entered Level 10 of the Dungeon
  9286 | D:10     | Found a staircase to the Lair.
  9391 | D:10     | Noticed an unseen horror
  9407 | D:10     | Killed an unseen horror
  9708 | D:10     | Reached skill level 11 in Armour
  9818 | D:10     | Noticed Fannar
  9821 | D:10     | Reached skill level 10 in Long Blades
  9838 | D:10     | Killed Fannar
 10110 | D:10     | Noticed a six-headed hydra
 10401 | D:11     | Noticed a hill giant
 10414 | D:11     | Killed a hill giant
 10414 | D:11     | Reached skill level 10 in Fighting
 10416 | D:11     | Noticed an unseen horror
 10450 | D:11     | Noticed a brown ugly thing
 10450 | D:11     | Found a snail-covered altar of Cheibriados.
 10453 | D:11     | Slain by a two-headed ogre

Action                   |  1- 3 |  4- 6 |  7- 9 | 10-12 || total
-------------------------+-------+-------+-------+-------++-------
Melee: Long sword        |    76 |   131 |   442 |   229 ||   878
Invok: Sacrifice Stealth |       |     1 |       |       ||     1
       Sacrifice Health  |       |       |     1 |       ||     1
       Power Leap        |       |       |     2 |       ||     2
       Draw Out Power    |       |       |     1 |     1 ||     2
       Sacrifice a Hand  |       |       |     1 |       ||     1
       Apocalypse        |       |       |       |     1 ||     1
       Sacrifice Love    |       |       |       |     1 ||     1
  Use: Scroll            |     4 |     3 |     1 |     4 ||    12
       Potion            |       |     1 |     8 |     4 ||    13
 Stab: Invisible         |     1 |       |       |     5 ||     6
       Paralysed         |       |       |       |     1 ||     1
  Eat: Bread ration      |     1 |     1 |     4 |     2 ||     8
